 Dungeon Crawl Stone Soup version 0.31-a0-981-geadf994542 (webtiles) character file.

Game seed: 2375100245681639951

254 Whiskey the Changeling (level 6, -7/38 HPs)
             Began as an Octopode Shapeshifter on Nov 2, 2023.
             Mangled by a gnoll
             ... wielding a +0 flail
              (12 damage)
             ... on level 4 of the Dungeon.
             The game lasted 00:05:26 (2757 turns).

Whiskey the Changeling (Octopode Shapeshifter)      Turns: 2757, Time: 00:05:26

Health: -7/38      AC:  1    Str: 16    XL:     6   Next: 14%
Magic:  6/6        EV: 13    Int: 12    God:
Gold:   117        SH:  0    Dex: 17    Spells: 5/5 levels left

rFire   . .          .
                       - Unarmed
rCold   . . .        (no shield)
rNeg    . . .        (helmet currently unavailable)
rPois   .            (no amulet)
rElec   .            j - +6 ring of dexterity
rCorr   .            (no ring)
SInv    .            (no ring)
Will    .....        (no ring)
Stlth   +++          (no ring)
HPRegen 0.26/turn    (no ring)
MPRegen 0.10/turn    (no ring)
                     (no ring)

%: no passive effects
@: beast-form
A: beast (slay +3), almost no armour, amphibious, 8 rings, camouflage 1,
gelatinous body 1, (nimble swimmer 1), tentacles
a: Begin Untransformation


You were on level 4 of the Dungeon.
You were a hulking beast.
You visited 1 branch of the dungeon, and saw 4 of its levels.

You collected 117 gold pieces.

Inventory:

Hand Weapons
 p - a +4 heavy scythe
   (You took it off Sigmund on level 2 of the Dungeon)
Missiles
 q - 2 poisoned darts (quivered)
Jewellery
 j - a +6 ring of dexterity (left tentacle)
   (You found it on level 1 of the Dungeon)
Talismans
 b - a beast talisman
 c - a flux talisman
Wands
 u - a wand of paralysis (7)
   (You found it on level 3 of the Dungeon)
Scrolls
 d - 3 scrolls of teleportation {unknown}
 e - a scroll of torment {unknown}
 g - 2 scrolls of vulnerability {unknown}
 h - 5 scrolls of noise {unknown}
 i - a scroll of brand weapon {unknown}
 k - 3 scrolls of blinking {unknown}
 r - 3 scrolls of identify {unknown}
 v - a scroll of amnesia {unknown}
Potions
 a - a potion of lignification {!q}
 f - a potion of degeneration {unknown}
 l - a potion of ambrosia {unknown}
 m - 3 potions of mutation {unknown}
 n - a potion of resistance {unknown}
 o - a potion of attraction {unknown}
 s - a potion of enlightenment {unknown}
 t - a potion of heal wounds {unknown}


   Skills:
 - Level 1.0 Fighting
 - Level 2.0 Dodging
 - Level 3.0 Unarmed Combat
 * Level 6.2 Shapeshifting


You had 5 spell levels left.
You didn't know any spells.
Your spell library contained the following spells:

 Spells                   Type           Power      Damage    Failure   Level
 Necrotise                Necr           0%         1d4       32%         1
 Call Canine Familiar     Summ           0%         N/A       69%         3
 Sigil of Binding         Hex            0%         N/A       69%         3
 Vampiric Draining        Necr           0%         2d6       69%         3
 Dimensional Bullseye     Hex/Tloc       0%         N/A       97%         4
 Leda's Liquefaction      Hex/Erth       0%         N/A       97%         4
 Agony                    Necr           0%         N/A       100%        5


Dungeon Overview and Level Annotations

Branches:
Dungeon (4/15)
 Temple: D:4-7

Altars:
Cheibriados
Elyvilon
Fedhas


Innate Abilities, Weirdness & Mutations

You are a hulking beast.
Your limbs bulge with bestial killing power. (Slay +3)
You cannot wear most types of armour.
You are amphibious.
You can wear up to eight rings at the same time.
Your skin changes colour to match your surroundings (Stealth+).
Your rubbery body absorbs attacks. (AC +1, EV +1)
((You are camouflaged when in or above water. (Stealth+)))
You have tentacles for arms and can constrict up to eight enemies at once.


Message History

No target in view!
No target in view!
No target in view!
No target in view!
No target in view!
No target in view!
No target in view!
No target in view!
No target in view!
No target in view!
No target in view!
No target in view!
No target in view!
No target in view!
No target in view!
r - 3 scrolls labelled TEPAZIE OM ZEO (gained 1)
There is a stone staircase leading down here.
t - a grey potion
There is a stone staircase leading down here.
You now have 117 gold pieces (gained 9).
Found a stone staircase leading up.
You see here a bat corpse.
u - a wand of paralysis (7)
You see here a bat corpse.
You see here a bat corpse.
Done exploring.
Done exploring.
There is a stone staircase leading down here.
You climb downwards.
There is a stone staircase leading up here.
v - a scroll labelled ACIUL ONOJEIFA A giant cockroach comes into view.
Found a stone staircase leading down.
You tentacle-slap the giant cockroach. Your grab misses the giant cockroach.
The giant cockroach bites you but does no damage.
You closely miss the giant cockroach. You grab the giant cockroach.
You constrict the giant cockroach, but do no damage.
The giant cockroach bites you but does no damage.
You tentacle-slap the giant cockroach.
You kill the giant cockroach!
No target in view!
No target in view!
No target in view!
No target in view!
No target in view!
No target in view!
No target in view!
No target in view!
You see here a giant cockroach corpse. 2 gnolls come into view.
A gnoll is wielding a +0 club.
You see here a +0 club.
A scorpion, a yak and 2 gnolls come into view.
The gnoll shouts! x2; The yak bellows!
A yak comes into view.
The gnoll shouts! x2
A yak comes into view.
The gnoll hits you with a +0 flail!
You take 8 damage, and have 30/38 hp.
MASSIVE DAMAGE!!
You tentacle-slap the gnoll. You grab the gnoll. You constrict the gnoll.
The gnoll hits you from afar with a +0 spear!
The gnoll struggles to escape constriction.
You take 8 damage, and have 22/38 hp.
MASSIVE DAMAGE!!
You tentacle-slap the gnoll. You constrict the gnoll.
The gnoll hits you from afar with a +0 spear.
The gnoll hits you with a +0 flail!
* * * LOW HITPOINT WARNING * * *
You are too injured to fight recklessly!
You are too injured to fight recklessly!
You are too injured to fight recklessly!
You are too injured to fight recklessly!
You take 12 damage, and have 10/38 hp.
MASSIVE DAMAGE!!
You are too injured to fight recklessly!
You are too injured to fight recklessly!
You are too injured to fight recklessly!
You are too injured to fight recklessly!
You are too injured to fight recklessly!
You are too injured to fight recklessly!
You are too injured to fight recklessly!
You are too injured to fight recklessly!
You are too injured to fight recklessly!
You are too injured to fight recklessly!
You are too injured to fight recklessly!
You are too injured to fight recklessly!
You are too injured to fight recklessly!
You are too injured to fight recklessly!
You are too injured to fight recklessly!
You release your grip on the gnoll.
The yak barely misses you.
The gnoll hits you from afar with a +0 spear.
* * * LOW HITPOINT WARNING * * *
You take 3 damage, and have 7/38 hp.
The gnoll attacks as it pursues you! The gnoll completely misses you.
A goblin comes into view. It is wielding a +0 club.
The gnoll attacks as it pursues you! The gnoll misses you.
You see here a +0 club.
The gnoll attacks as it pursues you! The gnoll hits you with a +0 flail.
* * * LOW HITPOINT WARNING * * *
You take 2 damage, and have 5/38 hp.
You see here a giant cockroach corpse.
The gnoll hits you with a +0 flail!
You die...

....... ....... #..#
......## #..#
......# #..#
####.!..# #..#
#....Y.g# #..#
#....gYg###..#
#Yg.#..#############
###.#.gh...........#
#Yg.###########.##
#>### #...<#.# #.#
#.#..#.# #.#
#.####.# ..#
#......# #..
######## #.# #.


You could see a yak and 2 gnolls.

Vanquished Creatures
  Sigmund (D:2)
  Robin (D:2)
  2 adders (D:3)
  3 dart slugs
  An orc (D:3)
  5 ball pythons
  5 endoplasms
  2 giant cockroaches
  8 goblins
  8 hobgoblins
  2 jackals (D:1)
  3 quokkas
  5 bats
  2 frilled lizards
  6 kobolds
  2 rats (D:3)
56 creatures vanquished.

Notes
Turn   | Place    | Note
-------+----------+-------------------------------------------
     0 | D:1      | Whiskey the Octopode Shapeshifter began the quest for the
                  | Orb.
     0 | D:1      | Reached XP level 1. HP: 13/13 MP: 1/1
   393 | D:1      | Reached XP level 2. HP: 11/18 MP: 2/2
   711 | D:1      | Found a faded altar of an unknown god.
  1387 | D:2      | Noticed Robin
  1388 | D:2      | Noticed Sigmund
  1391 | D:2      | Reached XP level 3. HP: 23/23 MP: 3/3
  1392 | D:2      | Reached skill level 4 in Shapeshifting
  1426 | D:2      | Killed Robin
  1712 | D:2      | HP: 1/23 [Sigmund/+4 heavy scythe (22)]
  1713 | D:2      | Killed Sigmund
  1714 | D:2      | Reached skill level 5 in Shapeshifting
  1714 | D:2      | Reached XP level 4. HP: 1/28 MP: 4/4
  1714 | D:2      | Reached XP level 5. HP: 2/33 MP: 5/5
  1951 | D:2      | Reached skill level 6 in Shapeshifting
  2149 | D:3      | Reached XP level 6. HP: 23/38 MP: 6/6
  2280 | D:3      | Found a white marble altar of Elyvilon.
  2297 | D:3      | Found a snail-covered altar of Cheibriados.
  2546 | D:3      | Found a blossoming altar of Fedhas.
  2747 | D:4      | Noticed a yak
  2747 | D:4      | Noticed a yak
  2749 | D:4      | Noticed a yak
  2752 | D:4      | HP: 7/38 [gnoll/+0 spear (3)]
  2757 | D:4      | Mangled by a gnoll

Illustrated notes

Levels and vault maps discovered:
D:1:      minmay_arrival_stone_box, layout_basic,
          dilly_ecumenical_altar_fadedgnrine, glass_columns_b,
          dreamdust_mushroom_princess
D:2:      layout_basic, uniq_robin, uniq_sigmund
D:3:      layout_basic, elyvilon_altar_4, cheibriados_altar_1, fedhas_altar_1,
          kennysheep_generic_room_2
D:4:      layout_basic, mainiacjoe_overflow_cross_hatched

Skill      XL: |  1  2  3  4  5 |
---------------+----------------+-----
Shapeshifting  | 5 6 |  6.2
Fighting       | |  1.0
Dodging        | |  2.0
Unarmed Combat | |  3.0

Action                     |  1- 3 |  4- 6 || total
---------------------------+-------+-------++-------
  Melee: Unarmed           |    56 |    48 ||   104
         Tentacles         |    15 |     6 ||    21
         Constrict         |    20 |    13 ||    33
         Punch             |     1 |       ||     1
   Stab: Sleeping          |     2 |     3 ||     5
 Armour: Skin              |    27 |    24 ||    51
  Dodge: Dodged            |    31 |    28 ||    59

Table legend: (Time is in decaauts)
 A = Elapsed time spent in this place.
 B = Non-inter-level travel time spent in this place.
 C = Inter-level travel time spent in this place.
 D = Time resting spent in this place.
 E = Time spent auto-exploring this place.
 F = Levels seen in this place.
 G = Mean time per level.
                   A        B        C        D        E       F      G
               +--------+--------+--------+--------+--------+-----+--------+
         Total |   2753 |   2665 |     88 |    328 |   1964 |   4 |  688.2 |
       Dungeon |   2753 |   2665 |     88 |    328 |   1964 |   4 |  688.2 |
               +--------+--------+--------+--------+--------+-----+--------+

Top non-repeatable levels by time:
     D:1: 1310 daAuts
     D:2: 762 daAuts
     D:3: 640 daAuts
     D:4: 40 daAuts

Levels and vault maps discovered:
D:1:      minmay_arrival_stone_box, layout_basic,
          dilly_ecumenical_altar_fadedgnrine, glass_columns_b,
          dreamdust_mushroom_princess
D:2:      layout_basic, uniq_robin, uniq_sigmund
D:3:      layout_basic, elyvilon_altar_4, cheibriados_altar_1, fedhas_altar_1,
          kennysheep_generic_room_2
D:4:      layout_basic, mainiacjoe_overflow_cross_hatched

Table legend: (Time is in decaauts)
 A = Elapsed time spent in this place.
 B = Non-inter-level travel time spent in this place.
 C = Inter-level travel time spent in this place.
 D = Time resting spent in this place.
 E = Time spent auto-exploring this place.
 F = Levels seen in this place.
 G = Mean time per level.
                   A        B        C        D        E       F      G
               +--------+--------+--------+--------+--------+-----+--------+
         Total |   2753 |   2665 |     88 |    328 |   1964 |   4 |  688.2 |
       Dungeon |   2753 |   2665 |     88 |    328 |   1964 |   4 |  688.2 |
               +--------+--------+--------+--------+--------+-----+--------+

Top non-repeatable levels by time:
     D:1: 1310 daAuts
     D:2: 762 daAuts
     D:3: 640 daAuts
     D:4: 40 daAuts

Table legend:
 A = Kills in this place as a percentage of kills in the entire game.
 B = Kills by you in this place as a percentage of kills by you in the entire game.
 C = Kills by friends in this place as a percentage of kills by friends in the entire game.
 D = Other kills in this place as a percentage of other kills in the entire game.
 E = Experience gained in this place as a percentage of experience gained in the entire game.
 F = Experience gained in this place divided by the number of levels of this place that you have seen.
                   A       B       C       D       E      F
               +-------+-------+-------+-------+-------+----------------------
         Total | 100.0 | 100.0 |   N/A |   N/A | 100.0 |  90.8
       Dungeon | 100.0 | 100.0 |   N/A |   N/A | 100.0 |  90.8
               +-------+-------+-------+-------+-------+----------------------
